[Event "ICC tourney 2181 (40 10)"]
[Site "Internet Chess Club"]
[Date "2020.12.06"]
[Round "1"]
[White "VincentT2008"]
[Black "Abhinac123"]
[Result "0-1"]
[ICCResult "White resigns"]
[WhiteElo "1743"]
[BlackElo "1463"]
[Opening "QGD Slav defense"]
[ECO "D13"]
[NIC "SL.01"]
[Time "11:02:05"]
[PlyCount "22"]
[TimeControl "2400+10"]


1. d4 d5 2. c4 c6 3. Nc3 Nf6 4. cxd5 cxd5 5. Nf3 Nc6 6. Bf4 Qb6 7. Rb1 Bf5
8. Rc1 Qxb2 9. e3 e6 10. Nh4 Bb4 11. Qb3 Qxc1+ { White resigns } 0-1

[Event "ICC tourney 2181 (40 10)"]
[Site "Internet Chess Club"]
[Date "2020.12.06"]
[Round "1"]
[White "chesslin"]
[Black "danaglin"]
[Result "1-0"]
[ICCResult "Black resigns"]
[WhiteElo "1804"]
[BlackElo "1507"]
[Opening "Queen's pawn: London system"]
[ECO "A45"]
[NIC "QP.07"]
[Time "11:02:23"]
[PlyCount "61"]
[TimeControl "2400+10"]


1. d4 Nf6 2. Bf4 g6 3. Nc3 d5 4. e3 Bg7 5. h4 c5 6. Be2 Nc6 7. Nf3 cxd4 8.
exd4 Qb6 9. a3 Qxb2 10. Na4 Nh5 11. Be3 Qxa1 12. Qxa1 O-O 13. Ne5 Nd8 14.
Bxh5 gxh5 15. Nc5 b6 16. Ncd3 f6 17. Nf3 Ba6 18. Nb4 Bb7 19. Qa2 e6 20. Rh3
a5 21. Nd3 Ba6 22. Rg3 Kh8 23. Qb2 Rb8 24. Nf4 Rf7 25. Nxh5 Bf8 26. Bf4
Rbb7 27. Nxf6 Rxf6 28. Be5 Bg7 29. Qc3 Rff7 30. Qc8 Rbe7 31. Qxd8+ { Black
resigns } 1-0

[Event "ICC tourney 2181 (40 10)"]
[Site "Internet Chess Club"]
[Date "2020.12.06"]
[Round "1"]
[White "lmperfectFocus"]
[Black "couchpotato26"]
[Result "1-0"]
[ICCResult "Black resigns"]
[WhiteElo "1557"]
[BlackElo "1858"]
[Opening "Two knights defense"]
[ECO "C56"]
[NIC "KP.02"]
[Time "11:02:02"]
[PlyCount "47"]
[TimeControl "2400+10"]


1. e4 e5 2. Nf3 Nc6 3. d4 exd4 4. Bc4 Nf6 5. O-O Nxe4 6. Re1 d5 7. Bxd5
Qxd5 8. Nc3 Qh5 9. Nxe4 Be7 10. Bg5 O-O 11. Ng3 Qxg5 12. Nxg5 Bxg5 13. Ne4
Be7 14. a3 Be6 15. Qh5 h6 16. Rad1 Rad8 17. Qb5 Bd5 18. Qxb7 Rb8 19. Qxc7
Rxb2 20. c4 Bd8 21. Qd7 Bxe4 22. Rxe4 Rb6 23. c5 Ra6 24. Qb7 { Black
resigns } 1-0

[Event "ICC tourney 2181 (40 10)"]
[Site "Internet Chess Club"]
[Date "2020.12.06"]
[Round "1"]
[White "keb2020"]
[Black "SanthoshA"]
[Result "1-0"]
[ICCResult "Black checkmated"]
[WhiteElo "1832"]
[BlackElo "1541"]
[Opening "Van't Kruijs opening"]
[ECO "A00"]
[Time "11:01:58"]
[PlyCount "119"]
[TimeControl "2400+10"]


1. e3 e5 2. b3 d5 3. Bb2 Nc6 4. Bb5 Bd6 5. f4 f6 6. fxe5 fxe5 7. Nf3 Qe7 8.
Bxc6+ bxc6 9. Nxe5 Bxe5 10. Qh5+ Kd8 11. Qxe5 Qxe5 12. Bxe5 Nf6 13. O-O Rf8
14. Nc3 Ba6 15. Rf2 Rc8 16. d3 Ke7 17. Bd4 Ke6 18. Bxa7 Nd7 19. Raf1 Rxf2
20. Rxf2 c5 21. Na4 Kd6 22. d4 c4 23. Bc5+ Nxc5 24. Nxc5 cxb3 25. cxb3 Bb5
26. Rf7 Rg8 27. a4 Be8 28. Rf5 Bg6 29. Re5 Bf7 30. Kf2 Ra8 31. g3 g6 32.
Kf3 Rf8 33. Kg4 h6 34. b4 Rg8 35. h4 Rg7 36. b5 Rg8 37. Kh3 Rf8 38. g4 Rg8
39. e4 dxe4 40. Nxe4+ Kd7 41. Nf6+ Kd6 42. Nxg8 Bxg8 43. a5 Bd5 44. Rxd5+
Kxd5 45. a6 Kxd4 46. a7 Kc5 47. a8=Q Kxb5 48. Qe8+ Kb6 49. Qxg6+ c6 50.
Qxh6 Kb5 51. Qc1 c5 52. g5 c4 53. g6 Kb4 54. g7 c3 55. g8=Q Kb5 56. Qb8+
Kc4 57. Qbf4+ Kb5 58. Qxc3 Kb6 59. Qfb4+ Ka6 60. Qca3# { Black checkmated }
1-0

[Event "ICC tourney 2181 (40 10)"]
[Site "Internet Chess Club"]
[Date "2020.12.06"]
[Round "1"]
[White "kdbel"]
[Black "chessmaster0981"]
[Result "0-1"]
[ICCResult "White forfeits on time"]
[WhiteElo "1892"]
[BlackElo "1557"]
[Opening "French: Steinitz, Boleslavsky variation"]
[ECO "C11"]
[NIC "FR.04"]
[Time "11:02:00"]
[PlyCount "30"]
[TimeControl "2400+10"]


1. e4 e6 2. d4 d5 3. Nc3 Nf6 4. e5 Nfd7 5. f4 c5 6. Nf3 Nc6 7. Be3 Be7 8.
Qd2 a6 9. Be2 cxd4 10. Nxd4 Nxd4 11. Bxd4 O-O 12. O-O f6 13. Bg4 f5 14. Bf3
Nb8 15. Na4 Nc6 { White forfeits on time } 0-1

[Event "ICC tourney 2181 (40 10)"]
[Site "Internet Chess Club"]
[Date "2020.12.06"]
[Round "1"]
[White "AbleCompany"]
[Black "chessrani20"]
[Result "1-0"]
[ICCResult "Black checkmated"]
[WhiteElo "1568"]
[BlackElo "1047"]
[Opening "Sicilian defense"]
[ECO "B41"]
[NIC "SI.43"]
[Time "11:01:56"]
[PlyCount "79"]
[TimeControl "2400+10"]


1. e4 c5 2. Nf3 e6 3. d4 Nc6 4. c4 d5 5. cxd5 exd5 6. exd5 Qxd5 7. Nc3 Qd8
8. d5 Nd4 9. Nxd4 cxd4 10. Qxd4 Be6 11. Qe3 Qe7 12. dxe6 Qxe6 13. Qxe6+
fxe6 14. Bb5+ Ke7 15. Bg5+ Nf6 16. Rd1 Kf7 17. Bxf6 Kxf6 18. O-O Bb4 19.
Rd7 Bxc3 20. bxc3 a6 21. Ba4 b5 22. Bb3 Rhd8 23. Rfd1 Re8 24. f4 a5 25. g4
h6 26. h4 g5 27. hxg5+ hxg5 28. f5 a4 29. Bxe6 Ke5 30. Re1+ Kf4 31. Rd4+
Kf3 32. Kf1 Rad8 33. Bd5+ Kg3 34. Rxe8 Rxe8 35. f6 Rf8 36. f7 Kh4 37. Kg2
a3 38. Be6 b4 39. Rd3 bxc3 40. Rh3# { Black checkmated } 1-0

[Event "ICC tourney 2181 (40 10)"]
[Site "Internet Chess Club"]
[Date "2020.12.06"]
[Round "1"]
[White "sanjay2000"]
[Black "michaelxiao"]
[Result "1-0"]
[ICCResult "Black resigns"]
[WhiteElo "1647"]
[BlackElo "1318"]
[Opening "French: Schlechter variation"]
[ECO "C01"]
[NIC "FR.01"]
[Time "11:01:58"]
[PlyCount "45"]
[TimeControl "2400+10"]


1. e4 e6 2. d4 d5 3. Bd3 c5 4. exd5 exd5 5. dxc5 Bxc5 6. Nf3 Nf6 7. O-O O-O
8. h3 Nc6 9. Nc3 a6 10. Bg5 Be6 11. Qd2 Re8 12. a3 b5 13. b4 Bb6 14. Rad1
h6 15. Bxh6 gxh6 16. Qxh6 Nd4 17. Nxd4 Bxd4 18. Nxb5 axb5 19. Bxb5 Bxf2+
20. Rxf2 Ne4 21. Bxe8 Qb6 22. Bxf7+ Bxf7 23. Qxb6 { Black resigns } 1-0

[Event "ICC tourney 2181 (40 10)"]
[Site "Internet Chess Club"]
[Date "2020.12.06"]
[Round "1"]
[White "BobbyFissure"]
[Black "Fischeresque930"]
[Result "0-1"]
[ICCResult "White resigns"]
[WhiteElo "1466"]
[BlackElo "1781"]
[Opening "English: symmetrical variation"]
[ECO "A38"]
[NIC "EO.27"]
[Time "11:02:15"]
[PlyCount "76"]
[TimeControl "2400+10"]


1. c4 c5 2. g3 Nc6 3. Bg2 g6 4. Nc3 Bg7 5. Nf3 Nf6 6. O-O O-O 7. Re1 d6 8.
a3 a6 9. Qc2 Qc7 10. Ng5 Bd7 11. Nge4 Nxe4 12. Bxe4 e6 13. e3 Rab8 14. b3
b5 15. d3 b4 16. axb4 cxb4 17. Nd5 exd5 18. cxd5 Bxa1 19. dxc6 Be6 20. Bb2
Bxb2 21. Qxb2 d5 22. Bf3 Qxc6 23. Rc1 Qb5 24. d4 Rfc8 25. Ra1 a5 26. Be2
Qb6 27. Kg2 Bf5 28. g4 Rc2 29. Qb1 Rxe2 30. gxf5 Rc8 31. fxg6 hxg6 32. Ra2
Rxa2 33. Qxa2 Qb5 34. Qb1 a4 35. f4 axb3 36. f5 Rc2+ 37. Kg3 Qd3 38. Qg1 b2
{ White resigns } 0-1

[Event "ICC tourney 2181 (40 10)"]
[Site "Internet Chess Club"]
[Date "2020.12.06"]
[Round "1"]
[White "ybabji"]
[Black "marinaxiao"]
[Result "1-0"]
[ICCResult "Black resigns"]
[WhiteElo "1854"]
[BlackElo "1556"]
[Opening "Sicilian: Alapin's variation (2.c3)"]
[ECO "B22"]
[NIC "SI.46"]
[Time "11:01:53"]
[PlyCount "108"]
[TimeControl "2400+10"]


1. e4 c5 2. c3 d5 3. exd5 Qxd5 4. Nf3 e6 5. d3 Nf6 6. h3 Be7 7. Be3 O-O 8.
Be2 Nc6 9. O-O Ne5 10. Nxe5 Qxe5 11. d4 cxd4 12. Bxd4 Qg5 13. f4 Qd5 14.
Bxf6 Qxd1 15. Rxd1 Bxf6 16. Bf3 Rb8 17. Na3 b6 18. Nb5 a6 19. Nd6 Rd8 20.
Nxc8 Rdxc8 21. Rd7 a5 22. Rad1 Rd8 23. Kf1 Kf8 24. Ke2 Ke8 25. Bc6 Kf8 26.
Bb5 Rxd7 27. Rxd7 Rd8 28. Rb7 Rd6 29. Rb8+ Bd8 30. Ke3 Ke7 31. Rb7+ Kf8 32.
Bd3 Be7 33. Ke2 Bd8 34. g3 g6 35. a4 Kg7 36. g4 e5 37. Bc4 exf4 38. Rxf7+
Kh8 39. Rxf4 Bg5 40. Rf8+ Kg7 41. Rg8+ Kf6 42. Bd3 Kf7 43. Rh8 Kg7 44. Rb8
Re6+ 45. Kd1 Re3 46. Kc2 Rxh3 47. Rxb6 Rg3 48. Rb7+ Kh6 49. b4 axb4 50.
cxb4 Rxg4 51. a5 Rg2+ 52. Kb3 Rg3 53. Rd7 Bd2 54. a6 g5 { Black resigns }
1-0

[Event "ICC tourney 2181 (40 10)"]
[Site "Internet Chess Club"]
[Date "2020.12.06"]
[Round "1"]
[White "vvguys2"]
[Black "atevifred"]
[Result "0-1"]
[ICCResult "White checkmated"]
[WhiteElo "1554"]
[BlackElo "1846"]
[Opening "QGD semi-Slav"]
[ECO "D43"]
[NIC "QO.16"]
[Time "11:01:56"]
[PlyCount "88"]
[TimeControl "2400+10"]


1. d4 e6 2. c4 d5 3. Nc3 Nf6 4. Nf3 c6 5. Bf4 Bd6 6. Bxd6 Qxd6 7. e3 O-O 8.
Bd3 dxc4 9. Bxc4 b5 10. Bd3 Bb7 11. O-O Nbd7 12. e4 e5 13. dxe5 Nxe5 14.
Be2 Nxf3+ 15. Bxf3 Qe5 16. Qc2 Rfe8 17. Rfe1 a6 18. Rad1 c5 19. h3 Rad8 20.
Rxd8 Rxd8 21. Nb1 g6 22. Nd2 c4 23. b3 c3 24. Nb1 b4 25. a3 a5 26. g3 h5
27. Bg2 Ba6 28. Bf1 Bxf1 29. Kxf1 Qb5+ 30. Kg2 Qd3 31. Qxd3 Rxd3 32. e5 Nd5
33. axb4 axb4 34. Rc1 Kf8 35. Kf1 Ke7 36. Ke2 Rd4 37. f4 Ke6 38. Rf1 Kf5
39. Re1 Re4+ 40. Kd1 Rxe1+ 41. Kc2 Ne3+ 42. Kd3 c2 43. Nd2 c1=Q 44. Nf3
Qc3# { White checkmated } 0-1

[Event "ICC tourney 2181 (40 10)"]
[Site "Internet Chess Club"]
[Date "2020.12.06"]
[Round "1"]
[White "SoaringHawk24"]
[Black "andrewf2009"]
[Result "1-0"]
[ICCResult "Black resigns"]
[WhiteElo "1371"]
[BlackElo "1690"]
[Opening "Sicilian"]
[ECO "B56"]
[NIC "SI.25"]
[Time "11:01:56"]
[PlyCount "57"]
[TimeControl "2400+10"]


1. e4 c5 2. Nf3 Nc6 3. d4 cxd4 4. Nxd4 Nf6 5. Nc3 d6 6. Be3 e5 7. Nb3 Be6
8. f3 Be7 9. Qd2 O-O 10. O-O-O a6 11. g4 b5 12. h4 Qc7 13. h5 b4 14. Na4
Rac8 15. Kb1 g6 16. Qh2 Bd8 17. hxg6 fxg6 18. Bh3 Qf7 19. g5 Nh5 20. Bg4
Nf4 21. Bxf4 Bxb3 22. axb3 Rc7 23. Be3 Re7 24. Rxd6 Nb8 25. Be6 Rxe6 26.
Rxe6 Nd7 27. Nc5 Bxg5 28. Nxd7 Bxe3 29. Nf6+ { Black resigns } 1-0

[Event "ICC tourney 2181 (40 10)"]
[Site "Internet Chess Club"]
[Date "2020.12.06"]
[Round "1"]
[White "Mannansh"]
[Black "aakashjr"]
[Result "0-1"]
[ICCResult "White resigns"]
[WhiteElo "1257"]
[BlackElo "1625"]
[Opening "Scandinavian defense"]
[ECO "B01"]
[NIC "SD.03"]
[Time "11:02:48"]
[PlyCount "112"]
[TimeControl "2400+10"]


1. e4 d5 2. exd5 Nf6 3. Nf3 Nxd5 4. d4 Bg4 5. Be2 e6 6. O-O Bd6 7. c4 Nf6
8. Nc3 O-O 9. Be3 Nc6 10. Rc1 Qd7 11. a3 a5 12. Qd2 Rfd8 13. Rfd1 Bxf3 14.
Bxf3 Rac8 15. Nb5 Rb8 16. c5 Be7 17. Bf4 Ne8 18. Be4 Bf6 19. Qd3 g6 20. Qg3
Nxd4 21. Nxd4 Bxd4 22. Be5 Bxe5 23. Rxd7 Bxg3 24. Rxd8 Bxf2+ 25. Kxf2 Rxd8
26. Ke3 c6 27. Rc3 Rd7 28. Rc4 Nf6 29. Ra4 Nxe4 30. Rxe4 Rd5 31. b4 axb4
32. axb4 Kg7 33. g3 Kf6 34. Rf4+ Rf5 35. Rd4 Re5+ 36. Kf4 Rd5 37. Re4 Rd3
38. Rc4 e5+ 39. Ke4 Rb3 40. g4 Ke6 41. g5 Rh3 42. Rc2 Rh4+ 43. Kd3 Rxb4 44.
h3 Rb3+ 45. Ke4 Rxh3 46. Rc3 f5+ 47. gxf6 Rxc3 48. f7 Kxf7 49. Kxe5 Rxc5+
50. Kd6 Rd5+ 51. Kc7 g5 52. Kxb7 g4 53. Kxc6 Rd1 54. Kc5 g3 55. Kc4 g2 56.
Kc3 g1=Q { White resigns } 0-1

[Event "ICC tourney 2181 (40 10)"]
[Site "Internet Chess Club"]
[Date "2020.12.06"]
[Round "1"]
[White "handsomematch"]
[Black "avats"]
[Result "1/2-1/2"]
[ICCResult "White stalemated"]
[WhiteElo "1215"]
[BlackElo "1589"]
[Opening "French: Tarrasch, closed variation"]
[ECO "C05"]
[NIC "FR.16"]
[Time "11:02:05"]
[PlyCount "180"]
[TimeControl "2400+10"]


1. e4 e6 2. d4 d5 3. Nd2 Nf6 4. e5 Nfd7 5. Ngf3 c5 6. Be2 Nc6 7. Nb3 cxd4
8. Nbxd4 Ndxe5 9. Nxc6 Nxc6 10. Be3 Be7 11. Qd2 Qa5 12. c3 O-O 13. Nd4 Nxd4
14. Bxd4 Bd7 15. O-O Rfd8 16. Rfe1 Qc7 17. Bf3 Bc5 18. Be5 Bd6 19. Bxd6
Qxd6 20. Rad1 Qc7 21. Qd4 Bc6 22. Rd2 a6 23. Red1 Rd7 24. Rd3 Rad8 25. Re1
Bb5 26. Rde3 Qc4 27. Qxc4 Bxc4 28. b3 Bb5 29. Rd1 Bc6 30. Red3 h6 31. Bg4
Bb5 32. R3d2 Rc8 33. c4 Bc6 34. cxd5 Bxd5 35. Rxd5 Rxd5 36. Rxd5 f5 37. Rd7
fxg4 38. g3 Rc2 39. a4 b5 40. axb5 axb5 41. Rd6 Rc3 42. Rxe6 Rxb3 43. Rb6
Kf7 44. Rb7+ Kg6 45. Kf1 b4 46. Ke1 h5 47. Kd1 Rf3 48. Ke1 b3 49. Rb5 Kh6
50. Ke2 g6 51. Rb6 Rc3 52. Kf1 Rc1+ 53. Kg2 Rc3 54. Rb5 Kg7 55. Rb6 Kf7 56.
h3 gxh3+ 57. Kxh3 Rc2 58. Rxb3 Rxf2 59. g4 hxg4+ 60. Kxg4 Rg2+ 61. Rg3
Rxg3+ 62. Kxg3 g5 63. Kg4 Kf6 64. Kg3 Kg6 65. Kg4 Kh6 66. Kg3 Kh5 67. Kh3
g4+ 68. Kg3 Kg5 69. Kg2 Kh4 70. Kh2 g3+ 71. Kg2 Kg4 72. Kg1 Kf3 73. Kf1 Ke3
74. Kg2 Kf4 75. Kg1 Kg4 76. Kg2 Kh4 77. Kg1 Kh3 78. Kh1 Kg4 79. Kg2 Kf4 80.
Kg1 Ke3 81. Kg2 Kf4 82. Kg1 Kg4 83. Kg2 Kh4 84. Kg1 Kg5 85. Kg2 Kg4 86. Kg1
Kf4 87. Kg2 Kg4 88. Kg1 Kf3 89. Kf1 g2+ 90. Kg1 Kg3 { White stalemated }
1/2-1/2

[Event "ICC tourney 2181 (40 10)"]
[Site "Internet Chess Club"]
[Date "2020.12.06"]
[Round "1"]
[White "yanje03"]
[Black "Jim1108"]
[Result "1-0"]
[ICCResult "Black forfeits on time"]
[WhiteElo "1452"]
[BlackElo "1732"]
[Opening "French: MacCutcheon, Chigorin variation"]
[ECO "C12"]
[NIC "FR.05"]
[Time "11:02:06"]
[PlyCount "75"]
[TimeControl "2400+10"]


1. e4 e6 2. d4 d5 3. Nc3 Nf6 4. Bg5 Bb4 5. e5 h6 6. exf6 hxg5 7. fxg7 Rg8
8. Bd3 Rxg7 9. Nf3 c5 10. a3 Bxc3+ 11. bxc3 Nc6 12. O-O c4 13. Be2 Qf6 14.
h3 Bd7 15. Nh2 O-O-O 16. Rb1 Qg6 17. f3 f5 18. Qc1 b6 19. Qb2 Kc7 20. Qc1
e5 21. dxe5 Nxe5 22. Qd1 Be6 23. Re1 Rdg8 24. Qd4 Nc6 25. Qd1 Qf6 26. Qd2
Rh7 27. Rbd1 Rgh8 28. Bxc4 f4 29. Bxd5 Bxh3 30. gxh3 Rxh3 31. Bxc6 Qxc6 32.
Re7+ Kc8 33. Re2 Qc5+ 34. Qd4 Qc6 35. Rg2 Qxf3 36. Nxf3 Rh1+ 37. Kf2 Rxd1
38. Qxd1 { Black forfeits on time } 1-0

[Event "ICC tourney 2181 (40 10)"]
[Site "Internet Chess Club"]
[Date "2020.12.06"]
[Round "1"]
[White "orwind"]
[Black "JonesGill"]
[Result "0-1"]
[ICCResult "White resigns"]
[WhiteElo "1620"]
[BlackElo "1228"]
[Opening "Sicilian: O'Kelly variation"]
[ECO "B28"]
[NIC "SI.43"]
[Time "11:01:55"]
[PlyCount "97"]
[TimeControl "2400+10"]


1. e4 c5 2. Nf3 a6 3. Nc3 d6 4. e5 d5 5. d4 e6 6. Ne2 Nc6 7. c3 c4 8. Be3
Bd7 9. Ng3 Nge7 10. Be2 Nc8 11. O-O b5 12. b3 Nb6 13. bxc4 dxc4 14. Ne4 h6
15. a3 Nd5 16. Qc2 Na5 17. Nfd2 Rc8 18. Bf3 Nb7 19. Ng3 Bc6 20. Rfe1 Qa5
21. Bxd5 Bxd5 22. Qb2 Nd8 23. f4 Nc6 24. f5 Nb8 25. fxe6 fxe6 26. Qc2 Nd7
27. Rf1 Kd8 28. Nge4 Kc7 29. a4 Qb6 30. axb5 axb5 31. Rfb1 Be7 32. Ra2 Ra8
33. Rab2 Ra5 34. Bf4 Rha8 35. Nd6 Bxd6 36. exd6+ Kc6 37. Kh1 g5 38. Be5
Nxe5 39. dxe5 Qf2 40. Nf3 Qxc2 41. Rxc2 Ra1 42. Nd4+ Kd7 43. Rcc1 R1a2 44.
Rg1 Rf2 45. Rbf1 Bxg2+ 46. Rxg2 Rxf1+ 47. Rg1 Rxg1+ 48. Kxg1 Ra5 49. Kg2 {
White resigns } 0-1

[Event "ICC tourney 2181 (40 10)"]
[Site "Internet Chess Club"]
[Date "2020.12.06"]
[Round "1"]
[White "wildrumpus"]
[Black "loveEdinburgh"]
[Result "0-1"]
[ICCResult "White checkmated"]
[WhiteElo "1535"]
[BlackElo "1828"]
[Opening "Queen's pawn game"]
[ECO "D00"]
[NIC "QP.08"]
[Time "11:01:53"]
[PlyCount "144"]
[TimeControl "2400+10"]


1. d4 d5 2. e3 c6 3. Bd3 Nf6 4. Nd2 Bg4 5. Ne2 e6 6. f3 Bh5 7. Nf4 Bg6 8.
Nxg6 hxg6 9. f4 Bd6 10. Qf3 Nbd7 11. e4 dxe4 12. Nxe4 Nxe4 13. Qxe4 Nf6 14.
Qf3 Bb4+ 15. c3 Ba5 16. Bd2 Qd5 17. O-O O-O-O 18. Qxd5 Nxd5 19. a4 Bc7 20.
g3 Nf6 21. Kg2 c5 22. Be3 Ng4 23. Bg1 cxd4 24. Rf3 dxc3 25. bxc3 Bb6 26. h3
Bxg1 27. hxg4 Bc5 28. f5 gxf5 29. Rd1 g6 30. gxf5 gxf5 31. Be2 Rxd1 32.
Bxd1 b6 33. Bb3 Kc7 34. Rf4 Bd6 35. Rc4+ Kd7 36. a5 Rc8 37. Ba4+ Kd8 38.
Rd4 Ke7 39. axb6 axb6 40. c4 Rg8 41. Rd3 f4 42. g4 Rxg4+ 43. Kf2 Rg3 44.
Rd2 Bc5+ 45. Kf1 Rg1+ 46. Ke2 Rg2+ 47. Kd3 Rxd2+ 48. Kxd2 f3 49. Ke1 f2+
50. Kf1 f5 51. Bb5 e5 52. Ba4 e4 53. Bc2 Kf6 54. Bd1 Ke5 55. Be2 f4 56. Bh5
Kd4 57. Be2 Kc3 58. Bg4 Kxc4 59. Bf3 e3 60. Be2+ Kb4 61. Bd1 b5 62. Be2 Ka4
63. Bd1+ Ka3 64. Be2 b4 65. Bd1 b3 66. Bf3 b2 67. Be4 Ka2 68. Bd5+ Ka1 69.
Be4 b1=Q+ 70. Bxb1 Kxb1 71. Ke2 f3+ 72. Kf1 e2# { White checkmated } 0-1

[Event "ICC tourney 2181 (40 10)"]
[Site "Internet Chess Club"]
[Date "2020.12.06"]
[Round "1"]
[White "duckmaster07"]
[Black "Davide25"]
[Result "1/2-1/2"]
[ICCResult "Game drawn by repetition"]
[WhiteElo "1723"]
[BlackElo "1390"]
[Opening "Caro-Kann: advance variation"]
[ECO "B12"]
[NIC "CK.04"]
[Time "11:02:08"]
[PlyCount "80"]
[TimeControl "2400+10"]


1. e4 c6 2. d4 d5 3. e5 Bf5 4. h4 h6 5. g4 Bg6 6. Bd3 Bxd3 7. Qxd3 e6 8. f4
h5 9. f5 Qd7 10. Qf3 hxg4 11. Qxg4 exf5 12. Qg3 g6 13. Ne2 Bh6 14. Bf4 Bxf4
15. Nxf4 Qe7 16. Nd2 Nh6 17. O-O-O Ng4 18. Nf3 Nd7 19. Rde1 O-O-O 20. e6
Ndf6 21. Ne5 Nxe5 22. dxe5 Ne4 23. Qf3 Rhg8 24. exf7 Qxf7 25. Rhg1 Rde8 26.
e6 Qf6 27. Qh3 Re7 28. h5 Rh7 29. Qa3 g5 30. Qxa7 Qd8 31. Qa8+ Kc7 32. Qa5+
Kc8 33. Qa4 Kc7 34. Qa5+ Kc8 35. Qa8+ Kc7 36. Qa5+ Kc8 37. Qa8+ Kc7 38.
Qa5+ Kc8 39. Qa8+ Kc7 40. Qa5+ Kc8 { Game drawn by repetition } 1/2-1/2

[Event "ICC tourney 2181 (40 10)"]
[Site "Internet Chess Club"]
[Date "2020.12.06"]
[Round "1"]
[White "krishghosh"]
[Black "Priccchess"]
[Result "1-0"]
[ICCResult "Black checkmated"]
[WhiteElo "1520"]
[BlackElo "1806"]
[Opening "Queen's pawn, Mason variation"]
[ECO "D00"]
[NIC "QP.08"]
[Time "11:01:59"]
[PlyCount "125"]
[TimeControl "2400+10"]


1. d4 d5 2. Bf4 e6 3. e3 Bd6 4. Bg3 Nf6 5. Nd2 Nbd7 6. Ngf3 O-O 7. Bd3 Re8
8. Ne5 Nf8 9. c3 Bxe5 10. Bxe5 N6d7 11. Bg3 e5 12. O-O c6 13. dxe5 Nxe5 14.
Bxe5 Rxe5 15. Nf3 Re8 16. h3 Qf6 17. Re1 Bf5 18. Bxf5 Qxf5 19. Qb3 Rab8 20.
Nd4 Qg6 21. Re2 Ne6 22. Rae1 Ng5 23. h4 Ne4 24. Nf3 Nd6 25. Nd2 Qg4 26. Qb4
Qxb4 27. cxb4 Re7 28. f3 Rbe8 29. e4 dxe4 30. Nxe4 Kf8 31. Kf2 Nxe4+ 32.
Rxe4 Rxe4 33. Rxe4 Rd8 34. Ke2 f6 35. g4 Kf7 36. a3 Rd5 37. Re3 h5 38. Rd3
hxg4 39. fxg4 Ke6 40. Re3+ Re5 41. Rxe5+ Kxe5 42. Ke3 b6 43. a4 a5 44. bxa5
bxa5 45. b3 Kd5 46. Kd3 Kc5 47. Kc3 Kd5 48. b4 axb4+ 49. Kxb4 Kd4 50. a5
c5+ 51. Kb5 c4 52. a6 c3 53. a7 c2 54. a8=Q c1=Q 55. Qd8+ Ke4 56. Qe7+ Kd5
57. Qd7+ Ke5 58. Qf5+ Kd6 59. Qd3+ Ke7 60. Qe4+ Kf8 61. Qa8+ Kf7 62. Qd5+
Kg6 63. Qh5# { Black checkmated } 1-0

[Event "ICC tourney 2181 (40 10)"]
[Site "Internet Chess Club"]
[Date "2020.12.06"]
[Round "1"]
[White "SultanofBling"]
[Black "magicpup"]
[Result "1-0"]
[ICCResult "Black checkmated"]
[WhiteElo "1809"]
[BlackElo "1522"]
[Opening "Queen's pawn, Mason variation"]
[ECO "D00"]
[NIC "QP.08"]
[Time "11:01:58"]
[PlyCount "129"]
[TimeControl "2400+10"]


1. d4 d5 2. Bf4 Nf6 3. e3 e6 4. Nd2 Be7 5. Bd3 O-O 6. h3 b6 7. Ngf3 Bb7 8.
g4 Nbd7 9. Rg1 Ne4 10. g5 Bd6 11. Ne5 Nxd2 12. Qxd2 g6 13. h4 Be7 14. h5
Nxe5 15. dxe5 d4 16. e4 a5 17. a3 Ba6 18. Bxa6 Rxa6 19. Qd3 Ra8 20. Ke2 c5
21. a4 Qd7 22. Kf3 Qc6 23. b3 Rad8 24. Kg3 Qd7 25. Rad1 Qc6 26. Rh1 Qc7 27.
Rh2 Rd7 28. Rdh1 Bd8 29. Kg2 Qb7 30. f3 Bc7 31. Bg3 Bd8 32. f4 Qc6 33. Bf2
Qb7 34. Kf3 Qa8 35. Qf1 Qb7 36. Qh3 Qc7 37. hxg6 fxg6 38. Qxe6+ Kh8 39.
Qxg6 Rg7 40. Qd6 Qxd6 41. exd6 Bxg5 42. f5 Bf6 43. Rh6 Bg5 44. Re6 Rd7 45.
Bg3 Kg8 46. Be5 Rfd8 47. Rg1 Kf8 48. Rxg5 Re8 49. Rxe8+ Kxe8 50. Rg8+ Kf7
51. Rg7+ Ke8 52. Rxd7 Kxd7 53. Kg4 b5 54. axb5 c4 55. bxc4 a4 56. f6 a3 57.
f7 a2 58. Bxd4 Kxd6 59. f8=Q+ Ke6 60. Qf5+ Ke7 61. b6 Kd6 62. b7 Kc7 63.
Qb5 Kb8 64. Be5+ Ka7 65. b8=Q# { Black checkmated } 1-0

[Event "ICC tourney 2181 (40 10)"]
[Site "Internet Chess Club"]
[Date "2020.12.06"]
[Round "2"]
[White "Priccchess"]
[Black "vvguys2"]
[Result "1-0"]
[ICCResult "Black checkmated"]
[WhiteElo "1806"]
[BlackElo "1554"]
[Opening "Sicilian defense"]
[ECO "B44"]
[NIC "SI.39"]
[Time "13:16:43"]
[PlyCount "129"]
[TimeControl "2400+10"]


1. e4 c5 2. Nf3 e6 3. d4 cxd4 4. Nxd4 Nc6 5. a3 Bc5 6. Nxc6 bxc6 7. Bd3 Qc7
8. O-O Nf6 9. b4 Bd6 10. f4 e5 11. Qf3 O-O 12. Bb2 Bb7 13. Nd2 Rfe8 14. Nc4
Re7 15. Nxd6 Qxd6 16. fxe5 Rxe5 17. Bxe5 Qxe5 18. Qf5 Qd4+ 19. Qf2 Qe5 20.
Qc5 Qe6 21. Rae1 d6 22. Qf5 Re8 23. Qa5 Ra8 24. Qc7 Qd7 25. Qxd7 Nxd7 26.
Bc4 Ne5 27. Bb3 Re8 28. Rd1 d5 29. exd5 cxd5 30. Bxd5 Bxd5 31. Rxd5 Nc4 32.
Rfd1 Kf8 33. Rd8 Nxa3 34. Rxe8+ Kxe8 35. c3 Nb5 36. c4 Na3 37. c5 Nb5 38.
c6 a6 39. Ra1 Kd8 40. Rxa6 Kc7 41. Kf2 Nd4 42. Ra7+ Kxc6 43. Rxf7 Kb5 44.
Rxg7 Kxb4 45. Rxh7 Ne6 46. Re7 Nc5 47. h4 Nd3+ 48. Kg3 Kc5 49. h5 Kd6 50.
Re3 Ne5 51. Kh4 Nf7 52. g4 Nh6 53. Kg5 Nf7+ 54. Kf6 Nh6 55. Rd3+ Kc5 56. g5
Ng8+ 57. Kf7 Nh6+ 58. gxh6 Kc4 59. Rd8 Kc5 60. h7 Kc6 61. h8=Q Kc7 62. Rd1
Kc6 63. Qc3+ Kb5 64. Rb1+ Ka4 65. Qa1# { Black checkmated } 1-0

[Event "ICC tourney 2181 (40 10)"]
[Site "Internet Chess Club"]
[Date "2020.12.06"]
[Round "2"]
[White "michaelxiao"]
[Black "chessrani20"]
[Result "1-0"]
[ICCResult "Black checkmated"]
[WhiteElo "1318"]
[BlackElo "1047"]
[Opening "Sicilian: Alapin's variation (2.c3)"]
[ECO "B22"]
[NIC "SI.46"]
[Time "13:16:46"]
[PlyCount "121"]
[TimeControl "2400+10"]


1. e4 c5 2. c3 Nc6 3. d4 e6 4. Nf3 d5 5. exd5 exd5 6. Bb5 Qe7+ 7. Be3 c4 8.
Ne5 Bd7 9. Nxd7 Qxd7 10. Nd2 a6 11. Bxc6 Qxc6 12. Nf3 Bd6 13. O-O Nf6 14.
Re1 O-O 15. Bg5 Ne4 16. Bh4 Rfe8 17. Bg3 Bxg3 18. hxg3 Qc7 19. Ne5 Nf6 20.
Re3 Qc8 21. Qf3 Re6 22. g4 h6 23. Rae1 Qc7 24. Qf4 Rae8 25. g5 hxg5 26.
Qxg5 Nd7 27. Rg3 Rg6 28. Qf4 Nxe5 29. Rxe5 Rxe5 30. dxe5 Rxg3 31. Qxg3 f6
32. exf6 Qxg3 33. fxg3 gxf6 34. Kf2 b5 35. Ke3 Kf7 36. Kf3 Ke6 37. Kf4 f5
38. g4 fxg4 39. Kxg4 Kf6 40. Kf4 a5 41. g4 b4 42. g5+ Kg6 43. Ke5 Kxg5 44.
Kxd5 b3 45. a3 Kf6 46. Kxc4 Ke7 47. Kxb3 Kd6 48. Ka4 Kc5 49. Kxa5 Kc4 50.
b4 Kxc3 51. b5 Kb3 52. b6 Kxa3 53. b7 Kb3 54. b8=Q+ Kc4 55. Qd6 Kc3 56. Qd5
Kc2 57. Qd4 Kc1 58. Qf2 Kd1 59. Kb4 Kc1 60. Kc3 Kb1 61. Qb2# { Black
checkmated } 1-0